 Dungeon Crawl Stone Soup version 0.30-a0-305-g026cb31310 (webtiles) character file.

Game seed: 15820345883212669808

39 Powertoast the Covered (level 3, -16/33 HPs)
             Began as an Armataur Fighter on Oct 22, 2022.
             Engulfed by a cloud of flame (19 damage)
             ... on level 1 of the Dungeon.
             The game lasted 00:02:57 (1384 turns).

Powertoast the Covered (Armataur Fighter)           Turns: 1384, Time: 00:02:58

Health: -16/33     AC:  7    Str: 23    XL:     3   Next: 26%
Magic:  3/3        EV:  7    Int:  8    God:
Gold:   37         SH:  4    Dex:  9    Spells: 2/2 levels left

rFire   . . .      SeeInvis .    a - +0 flail
rCold   . . .      Faith    .    c - +0 buckler
rNeg    . . .      Spirit   .    b - +0 scale mail
rPois   .          Reflect  .    (no helmet)
rElec   .          Harm     .    (no cloak)
rCorr   .          Roll     +    (no gloves)
Will    .....                    (no barding)
Stlth   ..........               (no amulet)
HPRegen 0.25/turn                (no ring)
MPRegen 0.08/turn                (no ring)

@: no status effects
A: large, rugged brown scales 3, deformed body, armoured tail, roll, long
tongue, awkward tongue
a: no special abilities


You were on level 1 of the Dungeon.
You visited 1 branch of the dungeon, and saw 1 of its levels.

You collected 37 gold pieces.

Inventory:

Hand Weapons
 a - a +0 flail (weapon)
Armour
 b - a +0 scale mail (worn)
 c - a +0 buckler (worn)
Jewellery
 f - a ring of ice
Scrolls
 e - a scroll of poison {unknown}
Potions
 d - a potion of might


   Skills:
 + Level 3.0 Fighting
 + Level 2.3 Maces & Flails
 + Level 4.1 Armour
 + Level 3.7 Shields


You had 2 spell levels left.
You didn't know any spells.
Your spell library was empty.

Dungeon Overview and Level Annotations

Branches:
Dungeon (1/15)

Altars:


Innate Abilities, Weirdness & Mutations

You are completely covered in rugged brown scales. (AC +3, +7% HP)
Armour fits poorly on your strangely shaped body.
You have a long armoured tail.
You roll when moving toward enemies. (Rampage)
Your long tongue fully drains potion bottles. (2x potion effects)
Your tongue gives you trouble enunciating. (1.5x scroll delay)


Message History

As you open the door, it creaks loudly!
There is an open door here.
There is an open door here.
You see here a +0 club.
There is a stone staircase leading down here.
You see here a +0 dagger.
You enter the shallow water.
Moving in this stuff is going to be slow.
Partly explored, can't reach some items and places.
You see here a +0 dagger.
You enter the shallow water.
Moving in this stuff is going to be slow.
You enter the shallow water.
Moving in this stuff is going to be slow.
You enter the shallow water.
Moving in this stuff is going to be slow.
You enter the shallow water.
Moving in this stuff is going to be slow.
You enter the shallow water.
Moving in this stuff is going to be slow.
Things that are here:
a +0 dagger; 2 poisoned darts You enter the shallow water.
Moving in this stuff is going to be slow.
Really walk into a travel-excluded area?
You are engulfed in blazing flames.
You are engulfed in blazing flames.
* * * LOW HITPOINT WARNING * * *
You now have 28 gold pieces (gained 8).
You now have 37 gold pieces (gained 9).
You start resting.
HP restored.
Really walk into a travel-excluded area?
You are engulfed in blazing flames.
You are engulfed in blazing flames.
Ouch! That really hurt!
* * * LOW HITPOINT WARNING * * *
You are engulfed in blazing flames.
Ouch! That really hurt!
You die...

####.#≈#.........
#...≈.........#
###...~.).....>~#
######...#.~.......≈..
###......#######.###..♣.
#...####.## #..# #.~.≈
#.### #...# #.####..♣~
#.# #§○°# #.###..~~~ #.#
#@○§# #.....#~.. #.#
#☼§○# #.#####≈~.
#.#####...####### #..~
#..§§☼.....§§..# ##~≈
#..§○○.....°○☼.# ###
##.☼○§.....§○☼.#
######...###### #§○○#
#§○.#


There were no monsters in sight!

Vanquished Creatures
  4 dart slugs (D:1)
  2 ball pythons (D:1)
  2 bats (D:1)
  An endoplasm (D:1)
  5 hobgoblins (D:1)
  2 quokkas (D:1)
  A frilled lizard (D:1)
  3 goblins (D:1)
  5 kobolds (D:1)
  5 rats (D:1)
30 creatures vanquished.

Vanquished Creatures (others)
  9 plants (D:1)
9 creatures vanquished.

Grand Total: 39 creatures vanquished

Notes
Turn   | Place    | Note
-------+----------+-------------------------------------------
     0 | D:1      | Powertoast the Armataur Fighter began the quest for the
                  | Orb.
     0 | D:1      | Reached XP level 1. HP: 19/19 MP: 1/1
   256 | D:1      | Reached XP level 2. HP: 26/26 MP: 2/2
   319 | D:1      | Reached skill level 4 in Armour
   365 | D:1      | Reached XP level 3. HP: 30/33 MP: 3/3
  1384 | D:1      | Engulfed by a cloud of flame

Illustrated notes

Levels and vault maps discovered:
D:1:      dpeg_arrival_circle_labyrinth_c, layout_rooms, serial_rivers,
          chequers_serial_rivers_marsh, chequers_serial_rivers_marsh,
          chequers_serial_rivers_micro_b, chequers_serial_rivers_small_3,
          chequers_serial_rivers_room_a, chequers_serial_rivers_small_b,
          serial_bayou_lagoon_a, serial_bayou_pond_a, lemuel_flame_loot_1

Skill      XL: |  1  2 |
---------------+-------+-----
Maces & Flails | 2 |  2.3
Armour         | 4 |  4.1
Fighting       | 3 |  3.0
Shields        | |  3.7

Action                   || total
-------------------------++-------
Melee: Flail             ||    87
       Tailslap          ||     7
Armor: Scale mail        ||    45
Dodge: Dodged            ||    33
Block: Buckler           ||    18

Table legend: (Time is in decaauts)
 A = Elapsed time spent in this place.
 B = Non-inter-level travel time spent in this place.
 C = Inter-level travel time spent in this place.
 D = Time resting spent in this place.
 E = Time spent auto-exploring this place.
 F = Levels seen in this place.
 G = Mean time per level.
                   A        B        C        D        E       F      G
               +--------+--------+--------+--------+--------+-----+--------+
         Total |   1440 |   1375 |     65 |    101 |   1055 |   1 | 1440.0 |
       Dungeon |   1440 |   1375 |     65 |    101 |   1055 |   1 | 1440.0 |
               +--------+--------+--------+--------+--------+-----+--------+

Top non-repeatable levels by time:
     D:1: 1440 daAuts
